 Dungeon Sprint DCSS version 0.21-a0-221-gfe971b9 (webtiles) character file.

10931 potatolord6000 the Unseen (level 11, -7/63 HPs)
             Began as a Spriggan Assassin on Aug 24, 2017.
             Was the Champion of the Shining One.
             Shot with an arrow by a deep elf master archer (23 damage)
             ... in the Dungeon (Sprint V: "Ziggurat Sprint").
             The game lasted 00:09:29 (1073 turns).

potatolord6000 the Unseen (Spriggan Assassin)       Turns: 1073, Time: 00:09:30

Health: -7/63      AC:  4    Str:  7    XL:     11   Next: 42%
Magic:  19/29      EV: 39    Int: 16    God:    the Shining One [******]
Gold:   0          SH:  0    Dex: 27    Spells: 37/37 levels left

rFire    . . .     SeeInvis +   b - +7 quick blade (holy)
rCold    . . .     Gourm    .   (shield restricted)
rNeg     + + +     Faith    .   c - +1 robe of the Elven Halls {MR+ Int+3}
rPois    .         Spirit   .   (helmet restricted)
rElec    .         Reflect  .   d - +0 cloak
rCorr    .         Harm     .   (gloves unavailable)
MR       ++...     NoTele   +   (boots unavailable)
Stlth    +++.......             (no amulet)
HPRegen  0.20/turn              A - +6 ring of dexterity
MPRegen  0.21/turn              e - +3 ring of evasion

@: glowing, studying Short Blades, very quick
A: unfitting armour, see invisible, herbivore 3, speed 3, slow metabolism 2
a: Divine Shield, Cleansing Flame, Summon Divine Warrior, Renounce Religion


You were in the Dungeon.
You worshipped the Shining One.
The Shining One was exalted by your worship.
You were not hungry.

You visited 1 branch

Inventory:

Hand Weapons
 b - a +7 quick blade of holy wrath (weapon)
Armour
 c - the +1 robe of the Elven Halls (worn) {MR+ Int+3}
   (You found it in the Dungeon)

   It affects your intelligence (+3).
   It affects your resistance to hostile enchantments.
 d - a +0 cloak (worn)
Jewellery
 e - a +3 ring of evasion (right hand)
 A - a +6 ring of dexterity (left hand)
Scrolls
 m - 4 scrolls of blinking
 s - 4 scrolls of amnesia
 t - 3 scrolls of recharging
 u - 7 scrolls of fog
 v - a scroll of holy word
 w - 5 scrolls of identify
 x - 4 scrolls of remove curse
 y - 2 scrolls of fear
Potions
 h - 7 potions of curing
 i - 2 potions of heal wounds
 j - 12 potions of haste
 k - 7 potions of magic
 l - 3 potions of berserk rage
 n - 2 potions of brilliance
 o - 3 potions of resistance
 q - 4 potions of agility
 r - 4 potions of might
Books
 a - a manual of Short Blades
Comestibles
 g - 5 bread rations
 z - 42 fruits


   Skills:
 + Level 10.2 Fighting
 + Level 12.8 Short Blades
 - Level 2.0 Throwing
 + Level 16.0 Dodging
 + Level 17.9 Stealth
 + Level 13.6 Spellcasting
 + Level 11.8 Invocations


You had 37 spell levels left.
You didn't know any spells.

Dungeon Overview and Level Annotations

Branches:
Dungeon (1/1)

Altars:
Ashenzari
Cheibriados
Dithmenos
Elyvilon
Fedhas
Gozag
Hepliaklqana
Kikubaaqudgha
Makhleb
Nemelex Xobeh
Okawaru
Qazlal
Ru
Sif Muna
Trog
Uskayaw
Vehumet
Wu Jian
Xom
Yredelemnul
Zin
The Shining One
Beogh
Jiyva
Lugonu

Annotations:
D 1 transporter


Innate Abilities, Weirdness & Mutations

You are very small and have problems with some larger weapons.
You are too small for most types of armour.
You have supernaturally acute eyesight. (SInv)
You are a herbivore.
You cover ground extremely quickly.
You need consume almost no food.


Message History

The golden flame engulfs you! You resist.
The golden flame engulfs the deep elf master archer.
The deep elf master archer is severely wounded.
The golden flame engulfs the stone giant.
The stone giant is heavily wounded.
The golden flame engulfs the stone giant.
The stone giant is heavily wounded.
The golden flame engulfs the yaktaur captain.
The yaktaur captain is severely wounded.
The golden flame engulfs the cyclops.
The cyclops is moderately wounded.
The golden flame engulfs the yaktaur captain.
The yaktaur captain is heavily wounded.
The golden flame engulfs the cyclops.
The cyclops is lightly wounded.
You feel somewhat more hungry.
The deep elf master archer wields a longbow.
The deep elf master archer shoots an arrow.
The arrow hits you!!
You die...

▓...†.†...▓ ▓.........▓
▓▓▓▓▓▓▓▓▓▓▓▓▓.▓.....▓.▓
▓....8©8....▓....©....▓
▓..}}[}[C=..▓▓▓▓▓▓▓▓▓▓▓
▓..C||cc|m..▓...8©8...▓
▓....Cc.C...▓..|=)[}..▓
▓...ceCC....▓...|)=...▓
▓.....@.....▓.........▓
▓...........▓...).)...▓
▓..▓(..(.▓..▓...†††...▓
▓. ▓▓..(▓▓ .▓.........▓
▓..▓(((..▓..▓.........▓
▓.....©(....▓....©....▓
▓▓▓▓▓▓▓▓▓▓▓▓▓▓▓▓▓▓▓▓▓▓▓
▓...8©8...▓...8©8...▓..
▓..)):)[|.▓...:.)...▓..


You could see 2 stone giants, a merfolk javelineer, 2 yaktaur captains, a deep
elf master archer, 4 cyclopes and 2 yaktaurs.

Vanquished Creatures
  A reaper (D)
  A vampire knight (D)
  A vampire mage (D)
  A necromancer (D)
  A wolf spider (D)
  3 black mambas (D)
  3 naga magi (D)
  A hellion (D)
  2 rime drakes (D)
  3 jumping spiders (D)
  Sigmund (D)
  2 redbacks (D)
  A flying skull (D)
  3 spriggans (D)
  A vampire (D)
  A wraith (D)
  2 steam dragons (D)
  4 nagas (D)
  An acid dragon (D)
  3 water moccasins (D)
  A hell hound (D)
  A swamp drake (D)
  8 black bears (D)
  3 necrophages (D)
  A wolf (D)
  Blork the orc (D)
  5 scorpions (D)
  4 wights (D)
  A crimson imp (D)
  2 quasits (D)
  Crazy Yiuf (D)
  Jessica (D)
  An adder (D)
  An adder zombie (D)
  3 ball pythons (D)
  A bat skeleton (D)
  2 bat zombies (D)
  2 ball python skeletons (D)
75 creatures vanquished.

Notes
Turn   | Place    | Note
-------+----------+-------------------------------------------
     0 | D        | Found the +6 Majin-Bo {vamp, Archmagi MP+6 Int+6}
     0 | D        | Found the +7 great mace "Firestarter" {inner flame, rF++}
     0 | D        | potatolord6000 the Spriggan Assassin began the quest for the Orb.
     0 | D        | Reached XP level 1. HP: 10/10 MP: 2/2
     8 | D        | Became a worshipper of the Shining One
    16 | D        | Found a bloodstained altar of Trog.
    16 | D        | Found a deep blue altar of Sif Muna.
    16 | D        | Found a sacrificial altar of Ru.
    16 | D        | Found a stormy altar of Qazlal.
    16 | D        | Found an iron altar of Okawaru.
    18 | D        | Found a sparkling altar of Nemelex Xobeh.
    18 | D        | Found a blossoming altar of Fedhas.
    20 | D        | Found a transporter.
    20 | D        | Found an ancient bone altar of Kikubaaqudgha.
    20 | D        | Found a viscous altar of Jiyva.
    20 | D        | Found a corrupted altar of Lugonu.
    20 | D        | Found a hazy altar of Hepliaklqana.
    20 | D        | Found a burning altar of Makhleb.
    20 | D        | Found an opulent altar of Gozag.
    62 | D        | Found the +9 heavy crossbow "Sniper" {velocity, Acc+∞ SInv}
    62 | D        | Found the +10 dark maul {crush}
    62 | D        | Found the +15 Maxwell's patent armour {-Cast -Tele rElec MR+ rCorr}
    62 | D        | Found the +18 shield of the Gong {rElec rN+ MR+ EV-5}
    62 | D        | Found the cursed +14 obsidian axe {chop, +Fly SInv *Curse}
    63 | D        | Found the +6 shillelagh "Devastator" {shatter}
    63 | D        | Found the +11 plutonium sword {*Contam Stlth-}
    63 | D        | Found the +8 lance "Wyrmbane" {slay drac, rPois rF+ rC+ AC+3}
    63 | D        | Found the +9 sword of Zonguldrok {reap}
    63 | D        | Found the cursed +13 scythe of Curses {drain, *Curse}
    63 | D        | Found the +0 sword of Power
    63 | D        | Found the +14 mace of Variability {chaos}
    63 | D        | Found the +7 Singing Sword
    63 | D        | Found the +7 longbow "Piercer" {penet, EV-2}
   110 | D        | Reached skill level 7 in Stealth
   110 | D        | Reached XP level 2. HP: 16/16 MP: 2/7
   163 | D        | Entered arena 2.
   163 | D        | Noticed a scorpion
   163 | D        | Noticed a scorpion
   163 | D        | Found a transporter.
   171 | D        | Killed a scorpion
   171 | D        | Reached skill level 5 in Dodging
   171 | D        | Reached skill level 8 in Stealth
   171 | D        | Reached XP level 3. HP: 15/20 MP: 7/9
   174 | D        | Killed a scorpion
   174 | D        | Reached XP level 4. HP: 17/25 MP: 7/11
   179 | D        | Entered arena 3.
   179 | D        | Noticed a jumping spider
   179 | D        | Reached * piety under the Shining One
   179 | D        | Found a transporter.
   184 | D        | Reached skill level 5 in Short Blades
   184 | D        | Reached skill level 9 in Stealth
   184 | D        | Reached skill level 5 in Spellcasting
   184 | D        | Reached XP level 5. HP: 25/29 MP: 7/13
   193 | D        | Killed a jumping spider
   193 | D        | Reached skill level 5 in Fighting
   193 | D        | Reached skill level 10 in Stealth
   193 | D        | Reached skill level 5 in Invocations
   193 | D        | Reached XP level 6. HP: 24/35 MP: 9/17
   200 | D        | Entered arena 4.
   200 | D        | Noticed Sigmund
   200 | D        | Noticed Jessica
   200 | D        | Noticed Blork the orc
   200 | D        | Reached ** piety under the Shining One
   200 | D        | Noticed Crazy Yiuf
   200 | D        | Found a transporter.
   206 | D        | Killed Crazy Yiuf
   208 | D        | Killed Jessica
   212 | D        | Killed Blork the orc
   212 | D        | Reached skill level 11 in Stealth
   212 | D        | Reached XP level 7. HP: 27/39 MP: 10/18
   218 | D        | Killed Sigmund
   249 | D        | Entered arena 5.
   249 | D        | Reached *** piety under the Shining One
   249 | D        | Found a transporter.
   256 | D        | Reached **** piety under the Shining One
   256 | D        | Reached skill level 10 in Dodging
   262 | D        | Reached skill level 12 in Stealth
   275 | D        | Got the cursed +1 robe of the Elven Halls {MR+ Int+3}
   289 | D        | Entered arena 6.
   289 | D        | Noticed a spriggan
   289 | D        | Reached ***** piety under the Shining One
   289 | D        | Found a transporter.
   307 | D        | Reached XP level 8. HP: 37/45 MP: 19/21
   346 | D        | Entered arena 7.
   346 | D        | Noticed a rime drake
   346 | D        | Noticed a rime drake
   351 | D        | Found a transporter.
   355 | D        | Reached skill level 13 in Stealth
   365 | D        | Killed a rime drake
   369 | D        | Reached XP level 9. HP: 33/50 MP: 23/23
   372 | D        | Reached skill level 10 in Spellcasting
   380 | D        | Killed a rime drake
   423 | D        | Entered arena 8.
   423 | D        | Noticed a jumping spider
   423 | D        | Noticed a jumping spider
   423 | D        | Noticed a wolf spider
   423 | D        | Reached ****** piety under the Shining One
   424 | D        | Found a transporter.
   432 | D        | Killed a jumping spider
   432 | D        | Reached skill level 14 in Stealth
   437 | D        | Killed a jumping spider
   437 | D        | Reached skill level 10 in Short Blades
   445 | D        | Killed a wolf spider
   701 | D        | Identified a +7 quick blade of holy wrath (a +5 quick blade blessed by the Shining One)
   701 | D        | Received a gift from the Shining One
   704 | D        | Entered arena 9.
   705 | D        | Found a transporter.
   723 | D        | Reached skill level 15 in Stealth
   723 | D        | Reached XP level 10. HP: 54/57 MP: 26/26
   746 | D        | Entered arena 10.
   746 | D        | Noticed a black mamba
   746 | D        | Noticed a black mamba
   746 | D        | Noticed a black mamba
   747 | D        | Found a transporter.
   756 | D        | Killed a black mamba
   756 | D        | Reached skill level 10 in Invocations
   760 | D        | Killed a black mamba
   760 | D        | Killed a black mamba
   767 | D        | Got the ring of Accord {rElec Slay+2}
   777 | D        | Entered arena 11.
   777 | D        | Noticed a naga mage
   777 | D        | Noticed a naga mage
   777 | D        | Noticed a naga mage
   783 | D        | Reached skill level 16 in Stealth
   795 | D        | Found a transporter.
   798 | D        | Killed a naga mage
   798 | D        | Killed a naga mage
   803 | D        | Killed a naga mage
   813 | D        | Entered arena 12.
   813 | D        | Noticed a vampire mage
   813 | D        | Noticed a vampire knight
   814 | D        | Noticed a necromancer
   818 | D        | Found a transporter.
   829 | D        | Killed a necromancer
   829 | D        | Reached skill level 15 in Dodging
   829 | D        | Killed a vampire knight
   829 | D        | Reached skill level 17 in Stealth
   829 | D        | Reached XP level 11. HP: 63/63 MP: 13/29
   829 | D        | Killed a vampire mage
   930 | D        | Entered arena 13.
   931 | D        | Noticed a reaper
   932 | D        | Found a transporter.
   940 | D        | Reached skill level 10 in Fighting
   960 | D        | Killed a reaper
   976 | D        | Entered arena 14.
  1065 | D        | Noticed a stone giant
  1065 | D        | Noticed a deep elf master archer
  1065 | D        | Noticed a stone giant
  1066 | D        | Noticed a yaktaur captain
  1066 | D        | Noticed a yaktaur captain
  1066 | D        | Noticed a merfolk javelineer
  1067 | D        | Found a transporter.
  1073 | D        | Shot with an arrow by a deep elf master archer

Vault maps used:
D:        sprint_v

Skill      XL: |  1  2  3  4  5  6  7  8  9 10 11 |
---------------+----------------------------------+-----
Fighting       | 2 3 4 5 6 7 8 9 10 | 10.2
Short Blades   | 3 4 5 6 7 8 9 10 12 | 12.8
Dodging        | 4 5 6 8 9 10 11 13 15 16 | 16.0
Stealth        | 7 8 9 10 11 12 13 15 17 | 17.9
Spellcasting   | 3 4 5 7 8 9 11 13 | 13.6
Invocations    | 2 3 4 5 6 7 8 9 11 | 11.8
Throwing       | |  2.0

Action                   |  1- 3 |  4- 6 |  7- 9 | 10-12 || total
-------------------------+-------+-------+-------+-------++-------
Melee: Quick blade       |     7 |    20 |   117 |    69 ||   213
Invok: Cleansing Flame   |       |       |     1 |    11 ||    12
       Brand Weapon With |       |       |     1 |       ||     1
  Use: Potion            |     3 |     1 |     8 |     7 ||    19
       Scroll            |       |       |     1 |       ||     1
Armor: Robe              |       |     1 |     7 |     3 ||    11
Dodge: Dodged            |     4 |    10 |   184 |   125 ||   323

Table legend:
 A = Spawn XP
 B = Non-spawn XP
 C = Spawn XP percentage of total XP
 D = Spawn monster count
 E = Non-spawn monster count
 F = Spawn count percentage of total count
 G = Total turns spent on level
                    A         B        C        D         E        F      G
               +---------+---------+-------+---------+---------+-------+---------
         Total |       0 |   15605 |   0.0 |       0 |      75 |   0.0 |  1073
               +---------+---------+-------+---------+---------+-------+---------
             D |       0 |   15605 |   0.0 |       0 |      75 |   0.0 |  1073
               +---------+---------+-------+---------+---------+-------+---------
